 Dungeon Crawl Stone Soup version 0.24.0-125-gc4c63601f3 (webtiles) character file.

Game seed: 156330594815416899, levelgen mode: deterministic

95 Frank2 the Cudgeler (level 4, -3/34 HPs)
             Began as a Demonspawn Gladiator on Mar 21, 2020.
             Slain by a worm (6 damage)
             ... on level 2 of the Dungeon.
             The game lasted 00:02:12 (1648 turns).

Frank2 the Cudgeler (Demonspawn Gladiator)          Turns: 1648, Time: 00:02:13

Health: -3/34      AC:  4    Str: 15    XL:     4   Next: 39%
Magic:  4/4        EV: 13    Int:  9    God:
Gold:   128        SH:  0    Dex: 15    Spells: 3/3 levels left

rFire    . . .     SeeInvis .   a - +0 flail
rCold    . . .     Gourm    .   (no shield)
rNeg     . . .     Faith    .   b - +0 leather armour
rPois    .         Spirit   .   c - +0 helmet
rElec    .         Reflect  .   (no cloak)
rCorr    .         Harm     .   (no gloves)
MR       .....                  (no boots)
Stlth    +.........             (no amulet)
HPRegen  0.11/turn              (no ring)
MPRegen  0.09/turn              (no ring)

@: no status effects
A: powered by death 1
a: no special abilities


You were on level 2 of the Dungeon.
You were not hungry.

You visited 1 branch of the dungeon, and saw 3 of its levels.

You collected 128 gold pieces.

Inventory:

Hand Weapons
 a - a +0 flail (weapon)
Missiles
 d - 3 throwing nets (quivered)
Armour
 b - a +0 leather armour (worn)
 c - a +0 helmet (worn)
Jewellery
 n - a +3 amulet of reflection {unknown}
Wands
 q - a wand of polymorph (3)
Scrolls
 e - 3 scrolls of remove curse {unknown}
 h - 2 scrolls of identify {unknown}
 i - a scroll of blinking {unknown}
 l - a scroll of teleportation {unknown}
 p - 2 scrolls of fog {unknown}
 r - a scroll of enchant armour {unknown}
 u - a scroll of fear {unknown}
Potions
 g - a potion of lignification {unknown}
 j - 2 potions of curing {unknown}
 k - a potion of invisibility {unknown}
 m - a potion of mutation {unknown}
 o - a potion of heal wounds {unknown}
 s - a potion of berserk rage {unknown}
Comestibles
 f - 4 rations


   Skills:
 + Level 2.6 Fighting
 + Level 3.8 Maces & Flails
 - Level 1.7 Throwing
 + Level 1.1 Armour
 + Level 3.1 Dodging


You had 3 spell levels left.
You didn't know any spells.
Your spell library was empty.

Dungeon Overview and Level Annotations

Branches:
Dungeon (3/15)

Altars:
Nemelex Xobeh

Annotations:
D:2 Sigmund


Innate Abilities, Weirdness & Mutations

You regenerate a little health from kills.


Message History

The worm is heavily wounded.
You hit the worm but do no damage.
The worm is heavily wounded.
The worm misses you.
You hit the worm.
The worm is heavily wounded.
Sigmund casts a spell at you. The puff of flame hits you!
* * * LOW HITPOINT WARNING * * *
The worm bites you.
* * * LOW HITPOINT WARNING * * *
Evoke which item? (* to show all) (? for menu, Esc to quit)
Aiming: Polymorph
Press: ? - help, Shift-Dir - straight line, f - Sigmund
Aim: Sigmund, wielding a +0 scythe, wearing a +0 leather armour and carrying a wand of random effects (21) (chance to defeat MR: 54%) Sigmund evaporates and reforms as an ooze!
You hit the worm.
The worm is severely wounded.
The worm bites you.
You die...

......... ##÷# #...
#######.# #..###.##
#......## #..#.....
#>.#..### #..#..#
#########..#..###
########...)....>.....÷.
#
#.....w@.#.#.##.#.......
###.##.########.#
#(.########
#...............#
#((8.8.8.8.
#.####.####.#####
#)[)....(.. #.#.# #.#
#.# #..)......) #.#.#
#.# #.# #.#(.........
#.#.# #.# #.#
#.#..[....... #.#.# #.#
#.# #.#..........
###.#.####<# #.#
##.#..8.8.8.8.


You could see a worm.

Vanquished Creatures
  Ijyb (D:2)
  An adder (D:2)
  An ooze (D:3)
  2 dart slugs (D:1)
  A bat (D:2)
  2 giant cockroaches
  3 hobgoblins
  9 jackals (D:2)
  4 kobolds
  A quokka (D:2)
  8 frilled lizards
  12 goblins
  3 rats
48 creatures vanquished.

Notes
Turn   | Place    | Note
-------+----------+-------------------------------------------
     0 | D:1      | Frank2 the Demonspawn Gladiator began the quest for the
                  | Orb.
     0 | D:1      | Reached XP level 1. HP: 16/16 MP: 1/1
   174 | D:1      | Gained mutation: You regenerate a little health from kills.
                  | [demonic ancestry]
   174 | D:1      | Reached XP level 2. HP: 16/22 MP: 2/2
   996 | D:2      | Reached XP level 3. HP: 18/27 MP: 3/3
  1139 | D:2      | Noticed Ijyb
  1162 | D:2      | Killed Ijyb
  1162 | D:2      | Reached skill level 1 in Armour
  1173 | D:2      | Reached XP level 4. HP: 34/34 MP: 4/4
  1194 | D:2      | Noticed Sigmund
  1247 | D:3      | Found a sparkling altar of Nemelex Xobeh.
  1647 | D:2      | Noticed Sigmund
  1647 | D:2      | Sigmund changed into Sigmund the ooze
  1648 | D:2      | Slain by a worm

Levels and vault maps discovered:
D:1:      dpeg_arrival_solitude, layout_basic, interstate_on_off
D:2:      kennysheep_the_goblin_king, layout_loops_ring, uniq_sigmund
D:3:      layout_loops_ring, nemelex_xobeh_ov_fountains_minmay,
          nicolae_overflow_hidden_temple

Skill      XL: |  1  2  3 |
---------------+----------+-----
Maces & Flails | 3 |  3.8
Dodging        | 3 |  3.1
Armour         | 1 |  1.1
Fighting       | |  2.6
Throwing       | |  1.7

Action                   |  1- 3 |  4- 6 || total
-------------------------+-------+-------++-------
Melee: Flail             |    74 |   101 ||   175
       Unarmed           |    20 |       ||    20
Evoke: Wand              |       |     2 ||     2
 Stab: Sleeping          |     1 |     1 ||     2
  Eat: Chunk             |     1 |     2 ||     3
Armor: Leather armour    |    15 |    36 ||    51
       Skin              |     8 |       ||     8
Dodge: Dodged            |    97 |   111 ||   208
